AoeStats
← fr90.PISCU

Nomad

508519187Analyzed
2v2 RM · 9d ago on Sep 22, 2026· 36m 57s· 4 players
Game mode
Random Map
Map size
176×176
Population
200
Speed
Normal
Resources
Standard
Victory
Conquest
Starting age
Dark Age
Ending age
Imperial Age
RankedLock teamsTeams togetherTeam positionsShared explorationLock speedFull tech treeHidden civsTurbo modeCheats
Victory
Defeat
🇨🇦 Huns · Canada
923
+14
🇧🇷 Goths · Brazil
809
+19
🇦🇷 Gurjaras · Argentina
888
-17
🇮🇹 Saxons · Italy
875
-16
fr90.PISCU
11:49 Loom
15:04 Feudal Age
18:08 Double-Bit Axe
21:37 Horse Collar
26:41 Bloodlines
30:00 Castle Age
29:22 Forging
29:18 Scale Barding Armor
29:29 Stone Mining
29:31 Gold Mining
33:41 Scale Mail Armor
34:07 Bow Saw
34:30 Husbandry
34:41 Heavy Plow
DragónLechero
11:25 Loom
13:25 Feudal Age
13:40 Man-at-Arms
15:00 Double-Bit Axe
18:35 Arson
25:52 Castle Age
24:33 Fletching
26:01 Crossbowman
26:49 Thumb Ring
28:26 Bodkin Arrow
28:33 Horse Collar
33:33 Ballistics
33:45 Padded Archer Armor
34:33 Gold Mining
34:56 Bow Saw
36:20 Wheelbarrow
kerrylynch
13:12 Feudal Age
18:12 Castle Age
18:51 Wheelbarrow
20:06 Forging
20:02 Scale Barding Armor
22:42 Town Watch
23:37 Pikeman
25:54 Iron Casting
29:00 Scale Mail Armor
30:09 Chain Mail Armor
30:44 Fletching
33:39 Hand Cart
34:15 Stone Mining
34:16 Gold Mining
35:16 Bodkin Arrow
39:36 Imperial Age
36:56 Loom
37:20 Town Patrol
Kepuva
13:31 Feudal Age
14:22 Man-at-Arms
19:09 Forging
25:26 Castle Age
25:12 Padded Archer Armor
25:03 Fletching
25:31 Long Swordsman
27:06 Squires
26:35 Crossbowman
27:54 Gold Mining
33:38 Double-Bit Axe
37:37 Imperial Age
36:22 Leather Archer Armor
36:03 Bodkin Arrow
Connection lost

Rejoining the realm…

Still unreachable

The connection could not be restored.

Session expired

The server has moved on; the page needs a fresh start.